 Dungeon Crawl Stone Soup version 0.27.1-3-gb3d3a73c9e (webtiles) character file.

Game seed: 2745857170815186198

40542 CuBeRJAN3 the Fighter (level 14, -8/96 HPs)
             Began as a Gargoyle Fighter on Oct 28, 2021.
             Was a Priest of the Shining One.
             Mangled by a deep elf knight (13 damage)
             ... on level 9 of the Dungeon.
             The game lasted 01:18:59 (27799 turns).

CuBeRJAN3 the Fighter (Gargoyle Fighter)           Turns: 27799, Time: 01:19:00

Health: -8/96      AC: 35    Str: 30    XL:     14   Next: 11%
Magic:  19/19      EV:  7    Int: 12    God:    the Shining One [***...]
Gold:   1414       SH: 13    Dex: 12    Spells: 13/13 levels left

rFire    . . .     SeeInvis .   a - +5 flail
rCold    . . .     Faith    .   c - +0 kite shield
rNeg     + + .     Spirit   .   L - +2 plate armour
rPois    ∞         Reflect  .   h - +1 helmet of the Leaf {*Corrode rElec Will+++ Int+2}
rElec    +         Harm     .   O - +0 cloak
rCorr    .         Rampage  .   p - +1 pair of gloves {Dex+3}
Will     ++++.                  q - +0 pair of boots
Stlth    ..........             (no amulet)
HPRegen  0.26/turn              P - +4 ring of slaying
MPRegen  0.16/turn              N - +6 ring of strength

@: mighty, flying, glowing
A: sickness immunity, AC +10, big wings, negative energy resistance 1,
electricity resistance, torment resistance 1, petrification resistance
a: Renounce Religion, Divine Shield


You were on level 9 of the Dungeon.
You worshipped the Shining One.
The Shining One was most pleased with you.
You visited 3 branches of the dungeon, and saw 17 of its levels.
You also visited: Sewer and Bailey.

You collected 1890 gold pieces.
You spent 476 gold pieces at shops.

Inventory:

Hand Weapons
 a - a +5 flail (weapon)
Missiles
 u - a throwing net
 E - 4 silver boomerangs (quivered)
Armour
 c - a +0 kite shield (worn)
 h - the +1 helmet of the Leaf (worn) {*Corrode rElec Will+++ Int+2}
   (You acquired it on level 1 of the Lair of Beasts)

   Int:       It affects your intelligence (+2).
   rElec:     It insulates you from electricity.
   *Corrode:  It may corrode you when you take damage.
   Will:      It greatly increases your willpower.
 p - a +1 pair of gloves of dexterity (worn)
 q - a +0 pair of boots (worn)
 L - a +2 plate armour (worn)
 O - a +0 cloak (worn)
Jewellery
 l - a +4 ring of protection
 n - a ring of see invisible
 z - a ring of positive energy
 G - a ring of flight
 N - a +6 ring of strength (right hand)
 P - a +4 ring of slaying (left hand)
 S - a +6 ring of dexterity
Wands
 k - a wand of mindburst (10)
 s - a wand of acid (3)
 A - a wand of iceblast (2)
 B - a wand of paralysis (5)
 F - a wand of digging (4)
 I - a wand of flame (29)
 K - a wand of polymorph (9)
 Q - a wand of charming (12)
Scrolls
 d - a scroll of torment
 e - 5 scrolls of amnesia
 i - 3 scrolls of immolation
 j - a scroll of teleportation
 t - a scroll of magic mapping {unknown}
 v - 3 scrolls of noise
 y - 2 scrolls of silence
 J - 2 scrolls of blinking {unknown}
Potions
 b - 4 potions of flight
 f - a potion of lignification {unknown}
 g - 11 potions of ambrosia
 m - a potion of invisibility
 r - 8 potions of curing
 w - 2 potions of haste
 x - 2 potions of attraction
 C - a potion of mutation {unknown}
 H - a potion of berserk rage {unknown}
 M - a potion of magic {unknown}
 R - a potion of brilliance {unknown}
Miscellaneous
 D - a piece from Xom's chessboard (15/15)


   Skills:
 * Level 14.1 Fighting
 + Level 11.7 Maces & Flails
 + Level 4.9 Throwing
 + Level 10.4 Armour
 + Level 10.5 Shields
 + Level 6.7 Invocations
 + Level 6.4 Evocations


You had 13 spell levels left.
You didn't know any spells.
Your spell library contained the following spells:

 Spells                   Type           Power      Damage    Failure   Level
 Corona                   Hex            0%         N/A       99%         1
 Sting                    Tmut/Pois      0%         1d3       99%         1
 Blink                    Tloc           N/A        N/A       99%         2
 Ensorcelled Hibernation  Hex/Ice        0%         N/A       99%         2
 Poisonous Vapours        Pois/Air       0%         N/A       99%         2
 Inner Flame              Hex/Fire       0%         N/A       100%        3
 Ozocubu's Armour         Ice            0%         N/A       100%        3
 Tukima's Dance           Hex            0%         N/A       100%        3
 Cause Fear               Hex            0%         N/A       100%        4
 Olgreb's Toxic Radiance  Pois           0%         N/A       100%        4
 Manifold Assault         Tloc           0%         N/A       100%        5
 Ozocubu's Refrigeration  Ice            0%         4d5       100%        7
 Storm Form               Tmut/Air       0%         N/A       100%        7
 Discord                  Hex            0%         N/A       100%        8
 Ignition                 Fire           0%         3d3       100%        8


Dungeon Overview and Level Annotations

Branches:
Dungeon (10/15)            Temple (1/1) D:6            Lair (6/6) D:8
 Shoals (0/4) Lair:2        Snake (0/4) Lair:3          Orc (0/2) D:9
  Sewer (visited)          Bailey (visited)
  Slime: Lair:5-6

Altars:
Ashenzari
Cheibriados
Dithmenos
Elyvilon
Gozag
Hepliaklqana
Kikubaaqudgha
Makhleb
Nemelex Xobeh
Okawaru
Ru
Trog
Uskayaw
Vehumet
Wu Jian
Xom
Yredelemnul
Zin
The Shining One

Shops:
D:4 [

Annotations:
D:5 1 runed translucent door, exclusion: door, Tzialkovskiy's ghost, novice HOBe
D:10 Urug
Lair:6 exclusions: 2 doors, obsidian statue and 2 oklob plants


Innate Abilities, Weirdness & Mutations

You are immune to sickness and miasma.
Your stone body is resilient. (AC +10)
You are immune to poison.
Your large and strong wings let you fly.
You resist negative energy. (rN+)
You are resistant to electric shocks. (rElec)
You are resistant to unholy torment.
You are immune to petrification.


Message History

The deep elf knight blocks your attack.
The deep elf knight is heavily wounded.
The deep elf knight mumbles some strange words.
The deep elf knight seems to speed up.
The deep elf knight blocks your attack.
The deep elf knight is heavily wounded.
The deep elf knight hits you with a +0 short sword!
* * * LOW HITPOINT WARNING * * *
The deep elf knight hits you with a +0 short sword.
* * * LOW HITPOINT WARNING * * *
The deep elf knight gestures at you while chanting.
The shard of ice hits you.
* * * LOW HITPOINT WARNING * * *
You feel very mighty all of a sudden. You block the deep elf knight's attack.
The deep elf knight blocks your attack.
The deep elf knight is heavily wounded.
The deep elf knight gestures at you while chanting.
The lance of force hits you.
* * * LOW HITPOINT WARNING * * *
You are knocked back by the lance of force.
You slam into the rock wall!
The deep elf knight hits you but does no damage.
The deep elf knight blocks your attack.
The deep elf knight is moderately wounded.
The deep elf knight hits you with a +0 short sword!
* * * LOW HITPOINT WARNING * * *
You block the deep elf knight's attack.
You sock the deep elf knight!
The deep elf knight is severely wounded.
The deep elf knight points at you and mumbles some strange words.
The shard of ice hits you.
* * * LOW HITPOINT WARNING * * *
You sock the deep elf knight!
The deep elf knight is almost dead.
You block the deep elf knight's attack.
You completely miss the deep elf knight.
The deep elf knight is almost dead.
The deep elf knight hits you with a +0 short sword!
You die...

#....##.....##
##...##......#
##...##......##
.....#.>......####
........[......#.##
..................##
...................#
..............#.e.##
..............##@##
...............#..##
##.##......#.......###
##..#...#####........#
....##.###..#........##
#.#....###............#
#.#.....##....>##....##
...............##....##
###...#........###....#


You could see a deep elf knight (fast, invisible).

Vanquished Creatures
  3 hydras
  2 catoblepae (Lair:3)
  2 boulder beetles
  A deep elf knight (D:10)
  A spectral death yak (Lair:6)
  A spectral anaconda (Lair:6)
  An orc knight (D:9)
  2 necromancers (Lair:6)
  9 black mambas
  13 elephants
  3 rime drakes
  8 komodo dragons
  10 cane toads
  2 polar bears
  A troll (D:8)
  A queen bee (Lair:3)
  3 blink frogs (Lair:6)
  7 dream sheep (Lair:5)
  2 wyverns
  A dire elephant simulacrum (Lair:6)
  6 basilisks
  36 yaks
  A death yak simulacrum (Lair:6)
  A swamp worm (D:8)
  20 water moccasins
  Duvessa (D:6)
  A swamp drake (D:8)
  5 orc warriors
  A sky beast (D:7)
  3 black bears
  2 ice beasts (D:5)
  An elephant zombie (Lair:6)
  4 centaurs
  An ogre (D:7)
  A phantom (D:5)
  33 wolves
  An elephant skeleton (Lair:6)
  2 kobold brigands
  15 bullfrogs
  A scorpion (D:4)
  Dowan (D:5)
  An elephant simulacrum (Lair:6)
  23 killer bees
  5 wights
  3 electric eels (D:8)
  A howler monkey (D:9)
  3 bullfrog zombies
  4 centaur zombies
  3 gnoll shamans
  9 hounds
  4 centaur skeletons
  3 orc priests
  An iguana (D:6)
  A scorpion zombie (D:5)
  8 orc wizards
  Terence (D:2)
  4 hound skeletons
  7 adders
  16 gnolls
  2 river rats (Sewer)
  An adder skeleton (D:4)
  A worm (D:3)
  5 dart slugs
  32 orcs
  10 ball pythons
  8 bats
  7 endoplasms
  4 giant cockroaches
  12 goblins
  5 hobgoblins
  6 jackals
  4 quokkas
  5 frilled lizards
  21 kobolds
  10 rats
440 creatures vanquished.

Vanquished Creatures (others)
  33 fungi
  48 plants
  18 withered plants (Lair:6)
99 creatures vanquished.

Grand Total: 539 creatures vanquished

Notes
Turn   | Place    | Note
-------+----------+-------------------------------------------
     0 | D:1      | CuBeRJAN3 the Gargoyle Fighter began the quest for the Orb.
     0 | D:1      | Reached XP level 1. HP: 14/14 MP: 1/1
    75 | D:1      | Reached XP level 2. HP: 19/19 MP: 2/2
   418 | D:1      | Reached XP level 3. HP: 10/24 MP: 3/3
   900 | D:1      | Found a faded altar of an unknown god.
  1198 | D:2      | Noticed Terence
  1206 | D:2      | Killed Terence
  1207 | D:2      | Reached skill level 4 in Fighting
  1207 | D:2      | Reached XP level 4. HP: 14/29 MP: 4/4
  2743 | D:3      | Reached XP level 5. HP: 34/34 MP: 5/5
  3732 | D:4      | Reached skill level 5 in Fighting
  3732 | D:4      | Reached XP level 6. HP: 33/40 MP: 6/6
  4398 | D:4      | Found Xilun's Antique Armour Emporium.
  4475 | D:4      | Bought a pair of glowing gloves for 210 gold pieces
  4907 | D:5      | Entered Level 5 of the Dungeon
  5091 | D:5      | Found a runed translucent door.
  5092 | D:5      | Noticed a wraith
  5092 | D:5      | Noticed Tzialkovskiy's ghost (novice HOBe)
  5162 | D:5      | Reached XP level 7. HP: 44/44 MP: 7/7
  5351 | D:5      | Found a glowing drain.
  5361 | Sewer    | Entered a sewer
  5518 | Sewer    | Found a white marble altar of Elyvilon.
  5626 | D:5      | Reached skill level 6 in Fighting
  5878 | D:5      | Reached skill level 5 in Maces & Flails
  6039 | D:5      | Reached skill level 5 in Armour
  6124 | D:5      | Reached skill level 5 in Shields
  6403 | D:5      | Reached XP level 8. HP: 52/52 MP: 8/8
  7047 | D:6      | Noticed Dowan
  7048 | D:6      | Noticed Duvessa
  7152 | D:5      | Reached skill level 7 in Fighting
  7520 | D:6      | Killed Duvessa
  7559 | D:5      | Killed Dowan
  7573 | D:6      | Found a staircase to the Ecumenical Temple.
  7580 | Temple   | Entered the Ecumenical Temple
  7778 | Temple   | Became a worshipper of the Shining One
  7942 | D:7      | Reached XP level 9. HP: 51/59 MP: 9/9
  8382 | D:7      | Reached skill level 8 in Fighting
  9490 | D:8      | Found a staircase to the Lair.
 10604 | D:8      | Noticed a troll
 11406 | D:9      | Reached skill level 9 in Fighting
 11423 | D:9      | Reached * piety under the Shining One
 11741 | D:9      | Reached XP level 10. HP: 45/66 MP: 10/10
 12155 | D:9      | Found a basalt altar of Yredelemnul.
 12550 | D:9      | Found a staircase to the Orcish Mines.
 12573 | D:9      | Reached skill level 10 in Fighting
 12573 | D:9      | Reached skill level 1 in Evocations
 13296 | D:9      | HP: 3/68 [swamp worm (12)]
 13894 | D:10     | Entered Level 10 of the Dungeon
 13901 | D:10     | Noticed Urug
 13982 | D:10     | Noticed a deep elf knight
 13983 | D:10     | Noticed an orc knight
 14037 | D:10     | Found a flagged portal.
 14055 | Bailey   | Entered a bailey
 14063 | Bailey   | Noticed an orc warlord
 14141 | Bailey   | Noticed an orc knight
 14466 | D:4      | Bought a smoking helmet for 266 gold pieces
 14466 | D:4      | Identified the +0 helmet of the Nightingale {rC+ rN+
                  | Stlth+} (You bought it in a shop on level 4 of the Dungeon)
 14947 | Lair:1   | Entered Level 1 of the Lair of Beasts
 14947 | Lair:1   | Noticed a cane toad
 14956 | Lair:1   | Killed a cane toad
 15052 | Lair:1   | Identified the +1 ring mail of Hadjma {rN+}
 15342 | Lair:1   | Reached XP level 11. HP: 62/73 MP: 11/11
 15413 | Lair:1   | Noticed a five-headed hydra
 15840 | Lair:1   | Identified 2 scrolls of acquirement
 15842 | Lair:1   | Acquired the +1 helmet of the Leaf {*Corrode rElec Will+++
                  | Int+2}
 15857 | Lair:1   | Acquired 884 gold pieces
 15888 | Lair:1   | Reached ** piety under the Shining One
 16101 | Lair:1   | Reached skill level 11 in Fighting
 16373 | Lair:1   | Killed a five-headed hydra
 16675 | Lair:1   | Reached skill level 10 in Maces & Flails
 16682 | Lair:2   | Reached skill level 1 in Invocations
 18313 | Lair:2   | Found a staircase to the Shoals.
 18739 | Lair:2   | Noticed a seven-headed hydra
 18755 | Lair:2   | Killed a seven-headed hydra
 18977 | Lair:2   | Reached XP level 12. HP: 73/81 MP: 14/14
 19068 | Lair:3   | Noticed a catoblepas
 19069 | Lair:3   | Noticed a catoblepas
 19130 | Lair:2   | Reached skill level 1 in Throwing
 19231 | Lair:3   | Noticed a seven-headed hydra
 19248 | Lair:3   | Killed a seven-headed hydra
 19249 | Lair:3   | Reached skill level 12 in Fighting
 20380 | Lair:3   | Killed a catoblepas
 20571 | Lair:3   | Found a staircase to the Snake Pit.
 20949 | Lair:3   | Killed a catoblepas
 21192 | Lair:3   | Found a radiant altar of Vehumet.
 21541 | Lair:3   | Reached skill level 5 in Evocations
 22293 | Lair:3   | Reached skill level 5 in Invocations
 22299 | Lair:3   | Reached XP level 13. HP: 53/87 MP: 16/16
 22543 | Lair:3   | Reached skill level 13 in Fighting
 24981 | Lair:4   | Reached skill level 10 in Shields
 25382 | Lair:6   | Entered Level 6 of the Lair of Beasts
 25465 | Lair:5   | Reached skill level 10 in Armour
 26168 | Lair:6   | Noticed a dire elephant
 26168 | Lair:6   | Noticed a dire elephant
 26168 | Lair:6   | Noticed a dire elephant
 26168 | Lair:6   | Noticed a dire elephant
 26327 | Lair:6   | Reached *** piety under the Shining One
 26763 | Lair:6   | Identified the +5 mace "Boshejin" {drain, Str+4}
 26829 | Lair:6   | Gained mutation: Your large and strong wings let you fly.
                  | [Gargoyle growth]
 26829 | Lair:6   | Reached XP level 14. HP: 95/95 MP: 18/18
 27065 | Lair:6   | Reached skill level 14 in Fighting
 27799 | D:9      | Mangled by a deep elf knight

Illustrated notes

Levels and vault maps discovered:
D:1:      dpeg_arrival_orchard, layout_rooms,
          shapermc_ecumenical_altar_mp_urbaneastern
D:2:      layout_loops_corners, serial_bayou_pond_c, minmay_misc_feat_plants,
          grunt_decor_one_mirror, minmay_pentomino_o2, uniq_terence
D:3:      layout_basic
D:4:      layout_loops_cross, serial_shops, nicolae_shop_overgrown_old_shop,
          minmay_misc_feat_square, minmay_misc_feat_encased
D:5:      layout_loops_ring, ebering_ghost_inner_flame,
          cheibrodos_sewer_entry_sluice, minmay_misc_feat_rows,
          corexii_hall_statues_i
D:6:      layout_rooms, minmay_temple_entry_ruins, dk_noncrumbling_4,
          lemuel_flamethrower_1, uniq_duvessa
D:7:      lemuel_ice_spiral_2, layout_basic
D:8:      layout_gridville, erik_lair_island
D:9:      layout_cave_pools, lemuel_zombie_altar_yredelemnul, erik_orc_1,
          worms_lemuel
D:10:     layout_loops_corners, chequers_temple_overflow_statue_of_worship,
          enter_bailey_5, sword_in_stone, uniq_urug, uniq_fannar, uniq_maggie
Temple:   eino_narrow_crystal_temple
Lair:1:   layout_roguey, infiniplex_staircase_pool
Lair:2:   layout_loops_ring, minmay_shoals_entry_centaurs
Lair:3:   layout_concentric_octagons, minmay_snake_entry_six_corridors,
          basic_altar, gauntlet_entry_generic, special_room [special_room_bee],
          chequers_serial_rivers_marsh, lemuel_fruit_fields
Lair:4:   layout_cellular_growth
Lair:5:   layout_loops_ring
Lair:6:   due_jungle_book, layout_gridlike, minmay_slime_entry_oklob_open,
          minivault_11, grunt_megastairs_4

Skill      XL: |  1  2  3  4  5  6  7  8  9 10 11 12 13 14 |
---------------+-------------------------------------------+-----
Fighting       | 4 5 6 7 9 10 11 12 13 14 | 14.1
Maces & Flails | 3 4 5 6 8 9 10 11 | 11.7
Armour         | 4 5 7 8 9 10 | 10.4
Shields        | 4 5 7 8 9 10 | 10.5
Evocations     | 2 4 5 6 |  6.4
Invocations    | 2 5 6 |  6.7
Throwing       | 3 4 |  4.9

Action                   |  1- 3 |  4- 6 |  7- 9 | 10-12 | 13-15 || total
-------------------------+-------+-------+-------+-------+-------++-------
Melee: Flail             |   119 |   232 |   505 |   845 |   468 ||  2169
Throw: Boomerang         |       |       |       |    50 |       ||    50
Invok: Divine Shield     |       |       |       |     3 |     2 ||     5
Evoke: Wand              |       |       |       |    20 |     6 ||    26
  Use: Potion            |     1 |       |     1 |     1 |     1 ||     4
       Scroll            |       |     1 |     1 |    18 |     3 ||    23
Armor: Scale mail        |    23 |       |       |       |       ||    23
       Ring mail         |    64 |   132 |   354 |   323 |       ||   873
       Plate armour      |       |       |       |   521 |   256 ||   777
Dodge: Dodged            |    55 |    94 |   241 |   339 |   115 ||   844
Block: Kite shield       |    91 |   125 |   373 |   835 |   334 ||  1758
